[Event "*** Titled Tuesday Blitz"]
[Site "Chess.com"]
[Date "2019.08.06"]
[Round "4"]
[White "AlexanderKing"]
[Black "pedromartinez91"]
[Result "1/2-1/2"]
[WhiteElo "2655"]
[BlackElo "2461"]
[TimeControl "180+2"]
[EndTime "13:53:39 PDT"]
[Termination "Game drawn by agreement"]

1. d4 Nf6 2. c4 d6 3. Nf3 Nbd7 4. Nc3 e5 5. e4 Be7 6. Be2 O-O 7. O-O Qe8 8. Qc2 Bd8 9. h3 c6 10. Re1 Ba5 11. Bf1 Qd8 12. a3 Re8 13. b4 Bc7 14.
Be3 exd4 15. Nxd4 Ne5 16. Rad1 Qe7 17. Bg5 h6 18. Bh4 Ng6 19. Bg3 Nh5 20. Bh2 Nhf4 21.
Kh1 a5 22. Qd2 axb4 23. axb4 Qf6 24. Nc2 Bb6 25. Ne3 Ra3 26. Nb1 Rb3 27. Ng4 Bxg4 28. hxg4 Rb2 29. Qxd6 Qxd6 30. Rxd6 Bxf2 31. Red1 Rxb4 32.
Nc3 Bc5 33. Rd7 Ne5 34. Bxf4 Nxd7 35. Rxd7 Rb3 36. Bd2 Rb2 37. Kh2 Bb4 38. Rd3 Rxd2 39. Rxd2 Bxc3 40. Rd7 Be5+ 41. g3 b6 42. Rb7 Bd4 43. Bd3 Rd8 44. Bb1 Bc5 45. e5 g5 46.
Kg2 Re8 47. Be4 Rxe5 48. Bxc6 Re2+ 49. Kf3 Re3+ 50. Kg2 Bd6 51. Bd5 Rxg3+ 52. Kf2 Rxg4 53. Rxf7 Kh8 54. Rf6 Rf4+ 55. Rxf4 Bxf4 56. Kf3 Kg7 57. Kg4 Kf6 58. Be4 Ke5 59. Bg6 Kd4 60. Bf7 Be5 61. Be6 Bg7 62. Bf7 Ke5 63. Bg8 Bf8 64. Bf7 Kf6 65.
Bd5 Bc5 66. Bg8 h5+ 67. Kxh5 Kf5 68. Bd5 g4 69. Bc6 Kf4 70. Bd7 g3 71. Bc6 Be7 72.
Bb7 Ke3 73. Kg4 Kf2 74. Kh3 Bd6 75. Bc6 Ke3 76. Kg2 Kd4 77. Bb5 Kc5 78. Ba6 Bc7 79. Bb5 Kb4 80. Ba6 Ka5 81. Bb5 Kb4 82. Kf3 Kc3 83. Kg2 Kd3 84. Ba6 Ke2 85. Bb5 Ke3 86. Ba6 Kf4 87. Bb5 Kg5 88. Kf3 Kh4 89. Kg2 Bd6 90. Ba6 Bc5 91. Bb5 Bf2 92. Ba6 Kg5 93. Bb5 Kf4 94. Ba6 Ke5 95. Bb5 Kd6 96.
Ba6 Kc5 97. Bb5 Kb4 98. Kf3 Ka5 99. Kg2 Be1 100. Kf3 Kb4 101. Kg2 Kc3 102. Ba6 b5 103.
cxb5 Bf2 104. Kf3 Bb6 105. Bc8 Kc4 106. Bd7 Bc7 107. Kg2 Kc5 108. Be8 Kb6 109. Bd7 Bb8 110. Kf3 Bc7 111. Kg2 Bb8 112. Bc6 Bc7 113. Be8 Bb8 114. Kh3 Bc7 1/2-1/2

[Event "*** Titled Tuesday Blitz"]
[Site "Chess.com"]
[Date "2019.08.06"]
[Round "4"]
[White "Nakachuk"]
[Black "vova-79"]
[Result "0-1"]
[WhiteElo "2655"]
[BlackElo "2468"]
[TimeControl "180+2"]
[EndTime "13:53:40 PDT"]
[Termination "vova-79 won by checkmate"]

1. d4 d5 2. Bf4 Nf6 3. e3 c5 4. c3 Nc6 5. Nd2 cxd4 6. exd4 Bf5 7. Qb3 Qc8 8. Ngf3 e6 9. Bb5 Be7 10. Ne5 O-O 11. Bxc6 bxc6 12. Qa4 c5 13. Nc6 Re8 14. Nxe7+ Rxe7 15. O-O Rb7 16. Qa3 cxd4 17. cxd4 Qc2 18. b3 h6 19. Qa6 Rd7 20. Rfc1 Qd3 21. Qxd3 Bxd3 22. Rc3 Bf5 23. f3 a5 24. a4 Rb7 25.
Rac1 Kh7 26. Nf1 Nd7 27. Ne3 Bg6 28. Rc7 Raa7 29. R7c3 Rb4 30. Rd1 Rab7 31. Bc7 Rxb3 32. Bxa5 Rb1 33. Rdc1 Rxc1+ 34. Rxc1 Ra7 35. Rc7 Rxa5 36.
Rxd7 Rxa4 37. Ng4 Rxd4 38. Ne5 f6 39. Ng4 Kg8 40. Rd8+ Kf7 41. Rd7+ Kf8 42. Kf2 Be8 43. Ra7 Ra4 44. Rb7 e5 45. Ne3 Ra5 46. Nf5 g6 47.
Nd6 Ra8 48. g4 Rd8 49. Rb6 Ke7 50. Nb7 Rb8 51. Ke3 Bd7 52. Rb3 Bc8 53. Na5 Rxb3+ 54. Nxb3 Kd6 55. h3 d4+ 56. Kf2 f5 57. Nd2 Ba6 58.
Nb3 Kd5 59. gxf5 gxf5 60. Na1 Kc4 61. Nc2 Kc3 62. Ne1 e4 63. fxe4 fxe4 64. Ng2 Kd2 65. Kg3 e3 66. Kf4 e2 67. Ke4 d3 68. Kd4 e1=Q 69. Nxe1 Kxe1 70. Ke3 d2 71. Kf3 d1=Q+ 72. Kg3 Qc1 73. Kh4 Qg5# 0-1

[Event "*** Titled Tuesday Blitz"]
[Site "Chess.com"]
[Date "2019.08.06"]
[Round "4"]
[White "Th3ChessViking"]
[Black "eCztery"]
[Result "1/2-1/2"]
[WhiteElo "2419"]
[BlackElo "2130"]
[TimeControl "180+2"]
[EndTime "13:53:48 PDT"]
[Termination "Game drawn - insufficient material"]

1. c4 c5 2. g3 Nc6 3. Bg2 g6 4. Nc3 Bg7 5. d3 d6 6. h4 e5 7. h5 Be6 8. Nf3 Nge7 9. Ng5 Qd7 10. h6 Bf8 11. Nce4 Ng8 12. Nxe6 fxe6 13. Bg5 Be7 14. Bh3 O-O-O 15. Bxe7 Qxe7 16. Qd2 Kb8 17. Ng5 Nd4 18. f4 exf4 19. gxf4 Nxh6 20. e3 Ndf5 21. O-O-O Rhf8 22. Bxf5 Nxf5 23. Rxh7 Qe8 24. Qa5 Rd7 25.
Rdh1 b6 26. Qa6 Rg8 27. Rxd7 Qxd7 28. Rh7 Ne7 29. a4 e5 30. a5 Qc8 31. Qb5 Re8 32.
axb6 a6 33. Qa4 exf4 34. exf4 Qc6 35. Qxa6 Nc8 36. Kb1 Re1+ 37. Ka2 Qxb6 38. Qxb6+ Nxb6 39. Nf7 Nc8 40. Rh8 Kc7 41. Rg8 Re7 42. Ng5 Re3 43.
Rxg6 Rxd3 44. Ne6+ Kc6 45. f5 Ne7 46. Rf6 Rf3 47.
Rf7 Nxf5 48. Nd8+ Kb6 49. Rb7+ Ka6 50. Rf7 Nd4 51. Rd7 Nf5 52. Nf7 Rd3 53. Nd8 Kb6 54. Rb7+ Ka6 55. Rf7 Ne3 56. b3 Nc2 57. Kb2 Nb4 58.
Rf6 Rd2+ 59. Kb1 Rd1+ 60. Kb2 Rd2+ 61. Kc1 Rd3 62. Kb2 Kb6 63. Nf7 Kc7 64. Ng5 Kd7 65.
Rf7+ Kc6 66. Rf3 Rxf3 67. Nxf3 Nd3+ 68. Kc3 Nb4 69. Ng5 d5 70. cxd5+ Kxd5 71. Nh7 Na2+ 72. Kb2 Nb4 73. Nf6+ Kd4 74. Nh5 Nd3+ 75. Kc2 Nb4+ 76. Kd2 Nd5 77. Ng3 c4 78. bxc4 Kxc4 1/2-1/2

[Event "*** Titled Tuesday Blitz"]
[Site "Chess.com"]
[Date "2019.08.06"]
[Round "4"]
[White "marcodobrikov"]
[Black "vanea_03"]
[Result "1/2-1/2"]
[WhiteElo "2434"]
[BlackElo "2656"]
[TimeControl "180+2"]
[EndTime "13:53:49 PDT"]
[Termination "Game drawn by repetition"]

1. e4 e5 2. Nf3 Nc6 3. Bc4 Nf6 4. Ng5 d5 5. exd5 Na5 6. Bb5+ c6 7. dxc6 bxc6 8. Be2 h6 9. Nh3 Bc5 10. d3 O-O 11.
Nc3 Rb8 12. O-O Bxh3 13. gxh3 Rb4 14. Bf3 Rh4 15. Bg2 Nh5 16. Kh1 Nf4 17. Qf3 Bd4 18.
Be3 Ne6 19. Rg1 Ng5 20. Qg3 Qf6 21. Bxd4 Rxd4 22. Ne4 Nxe4 23. Bxe4 Nb7 24. c3 Rd6 25. Rg2 Nc5 26. Rag1 g6 27. Qe3 Nxe4 28. dxe4 Kg7 29. Qxa7 Qf3 30. Qe3 Qxe3 31. fxe3 Ra8 32. a3 Rd3 33.
Re2 c5 34. Kg2 c4 35. Kf3 Rb8 36. Ra1 Rd6 37. Rc2 Rdb6 38. Ra2 f5 39. exf5 gxf5 40. Rd2 Kf6 41. a4 Ra6 42. Rd5 Rc8 43. a5 Ke6 44. Rb5 Kd6 45. Ra4 Rc5 46. Rbb4 Kd5 47. h4 h5 48. h3 f4 49. e4+ Kd6 50. Rxc4 Rcxa5 51. Rxa5 Rxa5 52. b4 Ra1 53. Rc5 Rf1+ 54. Ke2 Rh1 55. Rd5+ Ke6 56. Rd3 Rh2+ 57. Kd1 Rb2 58. Ke1 Rb1+ 59.
Ke2 Rb2+ 60. Rd2 Rxd2+ 61. Kxd2 Kd6 62. c4 Kc6 63. Kd3 Kb6 64. c5+ Kb5 65. Kc3 Kc6 66. Kc4 Kc7 67. b5 Kb7 68. b6 Kc6 69. Kc3 Kb7 70.
Kd3 Kc6 71. Kc4 Kb7 72. Kd3 Kc6 73. Kc4 Kb7 74. Kd3 1/2-1/2

[Event "*** Titled Tuesday Blitz"]
[Site "Chess.com"]
[Date "2019.08.06"]
[Round "4"]
[White "MarianPetrov"]
[Black "WPWPWP-2015"]
[Result "1/2-1/2"]
[WhiteElo "2546"]
[BlackElo "2411"]
[TimeControl "180+2"]
[EndTime "13:53:51 PDT"]
[Termination "Game drawn by repetition"]

1. e4 e5 2. Nc3 Nf6 3. Bc4 Nc6 4. d3 Be7 5. f4 d6 6. Nf3 O-O 7. O-O a6 8. a3 b5 9. Ba2 Bg4 10. h3 Bxf3 11. Qxf3 Nd4 12. Qf2 c6 13. Be3 Ne6 14.
f5 Nc7 15. g4 Nd7 16. Qg2 h6 17. Nb1 Nc5 18. Nd2 Na4 19. Rab1 d5 20. Nf3 Bc5 21. Qf2 Qe7 22. h4 dxe4 23. dxe4 Bxe3 24. Qxe3 Qc5 25. Qxc5 Nxc5 26. Nxe5 Nxe4 27. Rbe1 Nd6 28. Nxc6 Rfe8 29. Ne7+ Kf8 30. Nd5 Nxd5 31. Bxd5 Rac8 32. c3 Nc4 33.
Rxe8+ Rxe8 34. Bxc4 bxc4 35. Kg2 Re2+ 36. Rf2 Re3 37. Rf4 Re2+ 38. Kf3 Rxb2 39. Rxc4 Rb3 40. a4 Ke7 41. Rc6 Ra3 42. Rc7+ Kf6 43. Rc4 h5 44. Rc6+ Ke5 45. gxh5 Kxf5 46. Rc5+ Ke6 47. a5 Ra4 48. c4 Ra1 49. Rc6+ Ke5 50. Rxa6 Ra3+ 51. Kg4 Ra4 52. Ra7 Rxc4+ 53. Kg5 Ke6 54. Ra8 Rc5+ 55. Kg4 Rc4+ 56. Kg3 Rc3+ 57. Kf2 Rc4 58. Kg3 Kf6 59. a6 Ra4 60. a7 Ra6 61. Kf4 Ra4+ 62. Ke3 Ra1 63.
Kd4 Ra2 64. Kc5 Ra1 65. Kd6 Rd1+ 66. Kc7 Rc1+ 67. Kd7 Rd1+ 68. Ke8 Ra1 69. Kf8 Ra2 70. Kg8 Ra5 71. Kh7 Rxh5+ 72. Kg8 Ra5 73. h5 Ra6 74.
Kh7 Ra5 75. Kg8 Ra1 76. Kh8 Ra5 77. Kg8 1/2-1/2

[Event "*** Titled Tuesday Blitz"]
[Site "Chess.com"]
[Date "2019.08.06"]
[Round "4"]
[White "darsen_sanzhaev"]
[Black "GMSrinath"]
[Result "1/2-1/2"]
[WhiteElo "2611"]
[BlackElo "2824"]
[TimeControl "180+2"]
[EndTime "13:53:52 PDT"]
[Termination "Game drawn - insufficient material"]

1. d4 Nf6 2. c4 e6 3. g3 d5 4. Bg2 dxc4 5. Nf3 c5 6. O-O Nc6 7. dxc5 Qxd1 8. Rxd1 Bxc5 9. Nbd2 c3 10. bxc3 O-O 11. Nb3 Be7 12. Nfd4 Bd7 13. Nb5 Ne5 14. Nd6 Bc6 15. Nxb7 Bxg2 16. Kxg2 Nd5 17. Bd2 Rfc8 18.
N7a5 Ba3 19. h3 h5 20. Rab1 h4 21. gxh4 Nxc3 22. Bxc3 Rxc3 23. Nd4 Ng6 24. e3 Nxh4+ 25. Kg3 g5 26. Nb5 Rc5 27. Nb7 Rf5 28. Nd4 Rf6 29.
Rb3 Bf8 30. Rc1 e5 31. Rc6 Nf5+ 32. Kg2 Nxd4 33. Rxf6 Nxb3 34. axb3 Rb8 35. Na5 Kg7 36. Ra6 Bc5 37. Rc6 Bf8 38. Rc7 a6 39. Rc6 Bb4 40. Nc4 a5 41. Ra6 Bc3 42. Nxa5 Rd8 43. Nc4 Rd1 44. Ra7 Kg6 45. Kf3 Rh1 46. Kg2 Rb1 47.
Rb7 Be1 48. Nxe5+ Kf6 49. Ng4+ Kg6 50. Ne5+ Kf6 51. Nd3 Bc3 52. Rb6+ Kg7 53. b4 Rb3 54. b5 Ba5 55. Rd6 Rxb5 56. Rd4 Bc7 57. Rc4 Bd6 58. Rd4 Be7 59. Kf3 Kg6 60. e4 f6 61.
Rd5 Rb3 62. Kg2 Rc3 63. f3 Kf7 64. Kg3 Ke6 65. h4 gxh4+ 66. Kg4 f5+ 67. Kh3 fxe4 68.
fxe4 Rc4 69. Nf4+ Kf7 70. Rf5+ Kg7 71. Ne6+ Kg8 72. Ng5 Bxg5 73. Rxg5+ Kf7 74. Rg4 Ke6 75. Kxh4 Ke5 76. Kg5 Rxe4 77. Rxe4+ Kxe4 1/2-1/2

[Event "*** Titled Tuesday Blitz"]
[Site "Chess.com"]
[Date "2019.08.06"]
[Round "4"]
[White "chessdjw"]
[Black "StephenDedalus83"]
[Result "0-1"]
[WhiteElo "2654"]
[BlackElo "2821"]
[TimeControl "180+2"]
[EndTime "13:54:18 PDT"]
[Termination "StephenDedalus83 won by resignation"]

1. d4 g6 2. c4 Bg7 3. Nc3 d6 4. e4 Nc6 5. d5 Nb8 6. Nf3 c6 7. h3 Nf6 8. Bd3 Na6 9. O-O O-O 10. Re1 Nc5 11. Bf1 a5 12. Bf4 cxd5 13. exd5 a4 14.
Rc1 Re8 15. Nd4 Bd7 16. Bh2 Qb6 17. Rc2 Rad8 18. Rce2 e5 19. dxe6 fxe6 20. Ndb5 Bxb5 21. Nxb5 e5 22. b4 axb3 23. axb3 Bh6 24. b4 Ne6 25.
Qb3 Kh8 26. Nxd6 Qxd6 27. Bxe5 Qf8 28. c5 Ng7 29. Qb2 Nd7 30. Bd4 Rxe2 31. Rxe2 Nb8 32. g3 Nc6 33. Bc3 Rd1 34. Kg2 Rd8 35. b5 Ne7 36. Kh2 Nd5 37. Bd4 Bg5 38. Bg2 h5 39. h4 Bh6 40. Re6 Qf5 41. Re5 Qf7 42. c6 bxc6 43. bxc6 Nc7 44. Bc5 Nce6 45. Bb6 Rc8 46. Ra5 Kh7 47. Ra7 Nc7 48. Qe5 Nge6 49. Bh3 Bg7 50. Qxe6 Qxe6 51. Bxe6 Nxe6 52. c7 Bd4 53. Bxd4 Nxd4 54. Kg2 Kg7 55. f3 Kf7 56. g4 Ne6 57. gxh5 gxh5 58. Ra5 Rxc7 59. Kg3 Kg6 60. Ra6 Re7 61.
f4 Kf6 62. Kf3 Rb7 63. Ra5 Ng7 64. Ra6+ Kf7 65. Ke4 Rb4+ 66. Ke5 Rb5+ 67. Ke4 Nf5 68. Ra7+ Ke6 69. Rh7 Ng3+ 70. Kf3 Rb3+ 71. Kg2 Kf5 72. Rf7+ Kg4 73. Rg7+ Kxh4 74. Rg5 Ne4 75. Rg8 Rg3+ 76.
Rxg3 Nxg3 77. Kf3 Nf5 78. Ke4 Kg4 0-1

[Event "*** Titled Tuesday Blitz"]
[Site "Chess.com"]
[Date "2019.08.06"]
[Round "4"]
[White "Ginzburg_Yakov"]
[Black "GMMarcinDziuba"]
[Result "0-1"]
[WhiteElo "2509"]
[BlackElo "2704"]
[TimeControl "180+2"]
[EndTime "13:54:50 PDT"]
[Termination "GMMarcinDziuba won by resignation"]

1. e4 g6 2. d4 Bg7 3. g3 d6 4. Nc3 Nf6 5. Bg2 O-O 6. Nge2 Nc6 7. O-O e5 8. dxe5 Nxe5 9. b3 Re8 10. Bb2 Bd7 11. Nd4 Qc8 12. Re1 Bh3 13. Bh1 a6 14. Qd2 h5 15. Rad1 Bg4 16. f3 Bh3 17. Nde2 Kh7 18.
Nf4 Bd7 19. Qf2 h4 20. g4 g5 21. Nh3 Bh6 22. Bc1 Rg8 23. Nd5 Nxd5 24. Rxd5 Qd8 25. Qe2 Qf6 26. Nf2 Bc6 27. Rdd1 Ng6 28. Nd3 Rae8 29.
Bb2 Qe7 30. Qd2 Bg7 31. c4 b6 32. Bg2 a5 33. Bf1 Ra8 34. a3 Rge8 35. Bxg7 Kxg7 36.
Rc1 Qf6 37. Qc3 Reb8 38. Qxf6+ Kxf6 39. Kf2 Bd7 40. Ke3 Ra7 41. Kd4 b5 42. c5 Ne5 43.
Nxe5 dxe5+ 44. Ke3 Be6 45. b4 axb4 46. axb4 c6 47.
Red1 Ra3+ 48. Rd3 Rba8 49. Rd1 Bc4 50. Rxa3 Rxa3+ 51. Kf2 Bxf1 52. Rxf1 Ra2+ 53. Ke3 Rxh2 54. Rd1 Rb2 55. Rd6+ Kg7 56. Rxc6 h3 57. Rd6 Rxb4 58.
Rd1 Rc4 59. Rh1 Rxc5 60. Rxh3 Rc6 61. Rh1 Rb6 62. Kd2 b4 63. Kc2 Kf8 64. Rh5 f6 65.
Rh7 Rc6+ 66. Kb3 Rc3+ 67. Kxb4 Rxf3 68. Kc5 Rf4 69. Kd5 Rxg4 70. Ke6 Rf4 71. Ra7 Kg8 72. Rb7 g4 73. Ra7 Rf3 74. Ra2 Kg7 75. Ra7+ Kg6 76. Ra8 Kg5 77. Rg8+ Kh4 78. Rh8+ Kg3 79. Kf7 Rf4 80. Kg6 Kf3 0-1

[Event "*** Titled Tuesday Blitz"]
[Site "Chess.com"]
[Date "2019.08.06"]
[Round "4"]
[White "nailbeshirli"]
[Black "Sanan_Sjugirov"]
[Result "1-0"]
[WhiteElo "2656"]
[BlackElo "2887"]
[TimeControl "180+2"]
[EndTime "13:55:35 PDT"]
[Termination "nailbeshirli won by resignation"]

1. e4 c6 2. Nf3 d5 3. Nc3 Bg4 4. h3 Bxf3 5. Qxf3 e6 6. d3 Nd7 7. g3 Bc5 8. Bg2 Ne7 9. O-O O-O 10. Bd2 f5 11. Qe2 Ng6 12. Rae1 dxe4 13. dxe4 f4 14. Qg4 fxg3 15. Qxg3 Nf6 16. Bc1 Nh5 17. Qg4 Nhf4 18. Ne2 h5 19. Qg3 Bd6 20. Nxf4 Nxf4 21. e5 Nxg2 22.
Kxg2 Bc5 23. Rd1 Qe8 24. f4 Qf7 25. Rd3 Rad8 26. Rfd1 Rd5 27. c4 Rxd3 28. Rxd3 Qf5 29.
Rd7 Qe4+ 30. Kh2 Rf7 31. Rd8+ Kh7 32. Qd3 Qxd3 33. Rxd3 Kg6 34. Kg3 Kf5 35. Kf3 g5 36. fxg5 Kxe5+ 37. Kg3 Ke4 38. Rd1 Bf2+ 39. Kg2 Bh4 40. Rd6 Ke5 41. Rd3 Rf2+ 42. Kg1 Rc2 43. Bd2 Ke4 44. Re3+ Kd4 45. g6 Rxd2 46. Rxe6 Rd1+ 47.
Kg2 Rd2+ 48. Kg1 Kc5 49. g7 Rd8 50. Rh6 Rg8 51. Rxh5+ Kb4 52. Rxh4 Rxg7+ 53. Rg4 Rd7 54. h4 Rd2 55. Rg2 Rd1+ 56. Kh2 Kxc4 57. Kg3 Rd8 58.
h5 Rg8+ 59. Kf3 Rf8+ 60. Ke4 Rh8 61. Rh2 Rh6 62. Kf5 c5 63. Kg5 Rh8 64. h6 b5 65.
Kf6 Kd3 66. Kg7 Rb8 67. h7 c4 68. a3 a5 69. Rh5 b4 70. axb4 axb4 71. Rb5 Rxb5 72.
h8=Q Rg5+ 73. Kf6 Rg3 74. Qh7+ Ke3 75. Ke5 Rg5+ 76. Kf6 Rg3 77. Qc2 Rg4 78. Qc1+ Ke2 79. Qc2+ Ke3 80. Ke5 Rg5+ 81. Kd6 Rg4 82. Qc1+ Ke2 83.
Kc5 b3 84. Kb4 Re4 85. Qg5 Kd3 86. Qg3+ Kc2 87. Qf2+ Kd3 88. Ka3 Rd4 89. Qf3+ 1-0

[Event "*** Titled Tuesday Blitz"]
[Site "Chess.com"]
[Date "2019.08.06"]
[Round "5"]
[White "vugarrasulov"]
[Black "AminMolaei"]
[Result "1-0"]
[WhiteElo "2832"]
[BlackElo "2553"]
[TimeControl "180+2"]
[EndTime "13:58:32 PDT"]
[Termination "vugarrasulov won by resignation"]

1. d4 e6 2. e4 b6 3. Nf3 Bb7 4. Bd3 Nf6 5. Nbd2 c5 6. O-O cxd4 7. Nxd4 Nc6 8. Nb5 d6 9. Nc4 a6 10. Nc3 Be7 11. Bf4 Nd7 12. Nxd6+ Bxd6 13. Bxd6 Nc5 14. e5 Qd7 15. Qg4 g6 16. Rad1 O-O-O 17. Bxc5 bxc5 18. Bxa6 Nd4 19. Bxb7+ Qxb7 20. Qe4 Qxb2 21.
Rb1 1-0

[Event "*** Titled Tuesday Blitz"]
[Site "Chess.com"]
[Date "2019.08.06"]
[Round "5"]
[White "BlitzWizard04"]
[Black "tgpgoat"]
[Result "1-0"]
[WhiteElo "2390"]
[BlackElo "1963"]
[TimeControl "180+2"]
[EndTime "13:59:11 PDT"]
[Termination "BlitzWizard04 won by resignation"]

1. d4 Nf6 2. c4 e6 3. g3 c5 4. Nf3 cxd4 5. Nxd4 Nc6 6. Nc2 Qc7 7. Bg2 d6 8. O-O Be7 9. Nc3 O-O 10. b3 a6 11. Bb2 Bd7 12. Rc1 Rac8 13. Qd2 b6 14.
Rfd1 Rfd8 15. e4 Rb8 16. Ne3 Bc8 17. Ncd5 exd5 18. cxd5 Bb7 19. dxc6 Ba8 20. Nd5 Nxd5 21. exd5 Rbc8 22. Bh3 1-0

[Event "*** Titled Tuesday Blitz"]
[Site "Chess.com"]
[Date "2019.08.06"]
[Round "5"]
[White "iLuusions"]
[Black "kasparicy"]
[Result "1-0"]
[WhiteElo "2545"]
[BlackElo "2400"]
[TimeControl "180+2"]
[EndTime "13:59:13 PDT"]
[Termination "iLuusions won by resignation"]

1. d4 f5 2. c4 e6 3. Nc3 Nf6 4. e3 d6 5. Bd3 Be7 6. Nge2 O-O 7. Qc2 a5 8. O-O Nc6 9. a3 Qe8 10. Rb1 Qh5 11. b4 axb4 12. axb4 e5 13. Ng3 Qh4 14. Bxf5 exd4 15. Nd5 Bxf5 16. Nxf5 Qh5 17. Nfxe7+ Nxe7 18. Nxe7+ Kh8 19. Qf5 Qf7 20. Nd5 dxe3 21. Bxe3 1-0

[Event "*** Titled Tuesday Blitz"]
[Site "Chess.com"]
[Date "2019.08.06"]
[Round "5"]
[White "Ravan_02"]
[Black "tbalabayev"]
[Result "1-0"]
[WhiteElo "2608"]
[BlackElo "2378"]
[TimeControl "180+2"]
[EndTime "13:59:15 PDT"]
[Termination "Ravan_02 won by resignation"]

1. Nf3 Nf6 2. g3 d6 3. d4 Nc6 4.
Bg2 e5 5. dxe5 Nxe5 6. Nbd2 Be7 7. O-O c6 8. b3 O-O 9. Bb2 Nxf3+ 10. Nxf3 d5 11.
Nd2 Bf5 12. c4 dxc4 13. Nxc4 Nd7 14. Qd2 Qc7 15. Rfd1 Rad8 16. Qa5 Qb8 17. Qxf5 1-0

[Event "*** Titled Tuesday Blitz"]
[Site "Chess.com"]
[Date "2019.08.06"]
[Round "5"]
[White "DenishevM"]
[Black "SoCalJuniorChess"]
[Result "1-0"]
[WhiteElo "2479"]
[BlackElo "1861"]
[TimeControl "180+2"]
[EndTime "13:59:18 PDT"]
[Termination "DenishevM won by resignation"]

1. Nf3 g6 2. c4 Bg7 3. g3 d6 4. Bg2 c5 5. O-O Nc6 6. Nc3 Nf6 7. a3 O-O 8. Rb1 Rb8 9. b4 cxb4 10. axb4 a6 11. b5 axb5 12. cxb5 Na5 13. Qa4 b6 14. Nd4 Nd7 15. Nc6 Nxc6 16. bxc6 Nc5 17. Qa7 Bb7 18.
cxb7 Bxc3 19. dxc3 1-0

[Event "*** Titled Tuesday Blitz"]
[Site "Chess.com"]
[Date "2019.08.06"]
[Round "5"]
[White "KarstenHansch"]
[Black "farzadbfd"]
[Result "0-1"]
[WhiteElo "2435"]
[BlackElo "2660"]
[TimeControl "180+2"]
[EndTime "13:59:31 PDT"]
[Termination "farzadbfd won by resignation"]

1. e4 e5 2. Nf3 Nc6 3. d4 exd4 4. Nxd4 Bc5 5. Nxc6 Qf6 6. Qf3 dxc6 7. Nc3 Be6 8. Qg3 Bd6 9. Qg5 Qxg5 10. Bxg5 f6 11. Be3 O-O-O 12. O-O-O a6 13. f3 Ne7 14. a3 c5 15. Ne2 Ng6 16. Kb1 b6 17. Nc1 Kb7 18.
g3 Rhe8 19. Bg2 Bd7 20. Rd2 Bc6 21. Rhd1 Re7 22. Bg1 Rde8 23. h4 Bxg3 0-1

[Event "*** Titled Tuesday Blitz"]
[Site "Chess.com"]
[Date "2019.08.06"]
[Round "5"]
[White "ChessQueen"]
[Black "valeriocarnicelli"]
[Result "1-0"]
[WhiteElo "2644"]
[BlackElo "2421"]
[TimeControl "180+2"]
[EndTime "14:00:03 PDT"]
[Termination "ChessQueen won by resignation"]

1. e4 e5 2. Nf3 Nc6 3. Bb5 f5 4. Nc3 fxe4 5. Nxe4 Nf6 6. Bxc6 bxc6 7. Nxf6+ Qxf6 8.
O-O Be7 9. Re1 O-O 10. d4 d6 11. dxe5 dxe5 12. Bg5 Qf7 13. Bxe7 Qxe7 14. Rxe5 Qf6 15. Qd4 Bf5 16. Rae1 Rad8 17. Qc4+ Kh8 18. b4 Rd6 19. R5e3 Be6 20. Rxe6 1-0

[Event "*** Titled Tuesday Blitz"]
[Site "Chess.com"]
[Date "2019.08.06"]
[Round "5"]
[White "sergoy"]
[Black "Adham_Fawzy"]
[Result "1-0"]
[WhiteElo "2850"]
[BlackElo "2724"]
[TimeControl "180+2"]
[EndTime "14:00:12 PDT"]
[Termination "sergoy won by resignation"]

1. d4 d5 2. c4 c6 3. Nf3 Nf6 4. Nc3 e6 5. Bg5 dxc4 6. e4 b5 7. e5 h6 8. Bh4 g5 9. Nxg5 hxg5 10. Bxg5 Nbd7 11. exf6 Bb7 12. g3 Qb6 13. Bg2 O-O-O 14. O-O c5 15. d5 b4 16. Na4 Qd6 17. Bf4 e5 18. Bg5 Bh6 19. Bxh6 Rxh6 20. a3 Nxf6 21. axb4 cxb4 22. Qc1 Rdh8 23. Qxc4+ Kb8 24. Nc5 Bxd5 25. Qb5+ Qb6 26. Nd7+ Nxd7 27. Qxd5 Rxh2 28. Qa8+ Kc7 29. Rxa7+ 1-0

[Event "*** Titled Tuesday Blitz"]
[Site "Chess.com"]
[Date "2019.08.06"]
[Round "5"]
[White "csati17"]
[Black "MarianPetrov"]
[Result "0-1"]
[WhiteElo "2491"]
[BlackElo "2553"]
[TimeControl "180+2"]
[EndTime "14:00:15 PDT"]
[Termination "MarianPetrov won by resignation"]

1. c4 g6 2. g3 Bg7 3. Bg2 e5 4. Nc3 d6 5. d3 f5 6. e4 Nf6 7. Nge2 O-O 8. O-O c6 9. exf5 Bxf5 10. d4 Qd7 11. dxe5 dxe5 12. Qxd7 Nbxd7 13. h3 Nc5 14. g4 Bd3 15. b3 e4 16. Re1 h5 17. g5 Nfd7 18. Bb2 Ne5 19. Rad1 Nf3+ 20. Bxf3 Rxf3 21.
Ng3 h4 22. Nf1 Bxf1 0-1

[Event "*** Titled Tuesday Blitz"]
[Site "Chess.com"]
[Date "2019.08.06"]
[Round "5"]
[White "Frolik67"]
[Black "Parhamov"]
[Result "0-1"]
[WhiteElo "2623"]
[BlackElo "2954"]
[TimeControl "180+2"]
[EndTime "14:00:20 PDT"]
[Termination "Parhamov won by resignation"]

1. e4 c5 2. Nf3 d6 3. Bb5+ Nd7 4. d4 cxd4 5. Qxd4 a6 6. Bxd7+ Bxd7 7. c4 Nf6 8. Nc3 b5 9. Bg5 e5 10. Qd3 bxc4 11. Qxc4 Be7 12. Rd1 O-O 13. O-O Be6 14. Qc6 Rc8 15. Qxa6 Bc4 16. Qa7 Bxf1 17. Kxf1 Ra8 18.
Qe3 Ng4 19. Qc1 Nxh2+ 20. Ke2 Nxf3 21. Bxe7 Nd4+ 22. Rxd4 Qxe7 23. Rd3 f5 24. exf5 Rxf5 25. Nd5 Qf7 26. f3 e4 27. fxe4 Rf2+ 28. Ke3 Rxg2 29. Qe1 Rf8 30. Rc3 Rxb2 31. Qg3 Qa7+ 32. Kd3 Qa6+ 33.
Ke3 Qe2+ 0-1

[Event "*** Titled Tuesday Blitz"]
[Site "Chess.com"]
[Date "2019.08.06"]
[Round "5"]
[White "K_A_S_T_O_R"]
[Black "Oleg_Papayan"]
[Result "1-0"]
[WhiteElo "2792"]
[BlackElo "2520"]
[TimeControl "180+2"]
[EndTime "14:00:26 PDT"]
[Termination "K_A_S_T_O_R won by resignation"]

1. e4 c6 2. d4 d5 3. exd5 cxd5 4. c4 e6 5. Nc3 Nf6 6. Nf3 Be7 7. cxd5 exd5 8. Bd3 O-O 9. h3 h6 10. O-O Nc6 11. Re1 Re8 12. Bf4 Be6 13. Qd2 Bf8 14. Rac1 Rc8 15. Bb1 Qa5 16. a3 a6 17. Qd3 Ne7 18.
Nh4 g6 19. Qd2 g5 20. Ne4 Qxd2 21. Nxf6+ Kh8 22. Bxd2 Rxc1 23. Rxc1 Rd8 24. Nf3 1-0

[Event "*** Titled Tuesday Blitz"]
[Site "Chess.com"]
[Date "2019.08.06"]
[Round "5"]
[White "Eliwood44"]
[Black "Olga_Girya"]
[Result "0-1"]
[WhiteElo "2336"]
[BlackElo "2497"]
[TimeControl "180+2"]
[EndTime "14:00:46 PDT"]
[Termination "Olga_Girya won by resignation"]

1. d4 d5 2. Bf4 c5 3. e3 cxd4 4. exd4 Nc6 5. c3 Bf5 6. Nd2 e6 7. Ngf3 Bd6 8. Bg3 Nf6 9. Qb3 Rb8 10. Nh4 O-O 11. Be2 h6 12. Nxf5 exf5 13. O-O f4 14.
Bh4 g5 15. Nf3 gxh4 16. Nxh4 Ne7 17. Bf3 Kh8 18. Rae1 Qd7 19. Re2 Rbe8 20. Rfe1 Ng6 21. Nxg6+ fxg6 22. Bxd5 Rxe2 23. Rxe2 Nxd5 24. Qxd5 f3 25.
Re5 Qg4 26. Rg5 Qxg5 0-1

[Event "*** Titled Tuesday Blitz"]
[Site "Chess.com"]
[Date "2019.08.06"]
[Round "5"]
[White "Poghosyan_Suren"]
[Black "djano"]
[Result "1/2-1/2"]
[WhiteElo "2458"]
[BlackElo "2316"]
[TimeControl "180+2"]
[EndTime "14:00:46 PDT"]
[Termination "Game drawn by agreement"]

1. d4 Nf6 2. c4 g6 3. Nc3 d5 4. cxd5 Nxd5 5. e4 Nxc3 6. bxc3 Bg7 7. Be3 c5 8. Nf3 Qa5 9. Qd2 O-O 10. Rc1 cxd4 11.
cxd4 Nc6 12. Qxa5 Nxa5 13. Bd3 Rd8 14. O-O Bg4 15. d5 e6 16. Bd2 b6 17. Bxa5 bxa5 18.
Bc4 Bxf3 19. gxf3 exd5 20. Bxd5 Rac8 21. Rxc8 Rxc8 22. Rb1 Be5 23. Rb5 a4 24. Rb7 Rc7 25. Rxc7 Bxc7 26. Bc6 a3 27. Bd5 Kg7 28. Kg2 f5 29.
Kf1 Kf6 30. Kg2 Ke5 31. h3 h6 32. Kf1 Bb6 33. Ke2 g5 34. Kf1 Kf4 35. Kg2 1/2-1/2

[Event "*** Titled Tuesday Blitz"]
[Site "Chess.com"]
[Date "2019.08.06"]
[Round "5"]
[White "Alopekos"]
[Black "Er_is_geen_hoop_meer"]
[Result "0-1"]
[WhiteElo "2488"]
[BlackElo "2376"]
[TimeControl "180+2"]
[EndTime "14:00:54 PDT"]
[Termination "Er_is_geen_hoop_meer won by resignation"]

1. e4 c5 2. Nf3 d6 3. d4 cxd4 4. Nxd4 Nf6 5. Nc3 a6 6. Be3 e6 7.
a4 Be7 8. g4 h5 9. gxh5 Rxh5 10. Be2 Rc5 11. Bf3 Nbd7 12. Nb3 Rxc3 13. bxc3 Ne5 14. Bg2 Qc7 15. O-O Bd7 16. a5 Nc4 17. Bf4 Bc6 18. Re1 O-O-O 19. Qd4 Bb5 20. Qa7 e5 21. Bg5 Rh8 22. Rad1 Rh5 23. h4 Qb8 24. Bh3+ Kc7 25. Nd2 Qxa7 0-1